 Dungeon Crawl Stone Soup version 0.28.0 (webtiles) character file.

Game seed: 17779495443628003118

173 sanka the Magician (level 5, -2/28 HPs)
             Began as a Deep Elf Transmuter on Feb 8, 2022.
             Was a Believer of Vehumet.
             Slain by Duvessa (10 damage)
             ... on level 4 of the Dungeon.
             The game lasted 00:05:00 (3980 turns).

sanka the Magician (Deep Elf Transmuter)            Turns: 3980, Time: 00:05:00

Health: -2/28      AC:  6    Str: 11    XL:     5   Next: 28%
Magic:  11/15      EV: 12    Int: 20    God:    Vehumet [**....]
Gold:   176        SH:  0    Dex: 15    Spells: 8/15 levels left

rFire   . . .      SeeInvis .   c - +0 war axe
rCold   . . .      Faith    .   (no shield)
rNeg    . . .      Spirit   .   k - +3 leather armour of Qazlal's Fury {Str+4}
rPois   .          Reflect  .   (no helmet)
rElec   .          Harm     .   (no cloak)
rCorr   .          Rampage  .   (no gloves)
Will    .....                   (no boots)
Stlth   +.........              (no amulet)
HPRegen 0.09/turn               (no ring)
MPRegen 0.14/turn               (no ring)

@: no status effects
A: no striking features
a: Renounce Religion


You were on level 4 of the Dungeon.
You worshipped Vehumet.
Vehumet was pleased with you.
You visited 1 branch of the dungeon, and saw 4 of its levels.

You collected 176 gold pieces.

Inventory:

Hand Weapons
 c - a +0 war axe (weapon)
Armour
 a - a +0 robe
 k - the +3 leather armour of Qazlal's Fury (worn) {Str+4}
   (You found it on level 3 of the Dungeon)

   Str:       It affects your strength (+4).
Wands
 e - a wand of flame (20)
Scrolls
 b - 6 scrolls of identify {unknown}
 d - a scroll of magic mapping {unknown}
 f - a scroll of torment {unknown}
 g - a scroll of fear {unknown}
 j - a scroll of teleportation {unknown}
Potions
 h - a potion of mutation {unknown}
 i - 2 potions of curing
 l - a potion of attraction {unknown}
 m - a potion of heal wounds {unknown}


   Skills:
 - Level 0.7 Fighting
 - Level 2.4 Dodging
 - Level 2.4 Unarmed Combat
 - Level 5.6 Spellcasting
 - Level 2.1 Transmutations
 + Level 3.9 Ice Magic


You had 8 spell levels left.
You knew the following spells:

 Your Spells              Type           Power      Damage    Failure   Level
a - Beastly Appendage     Tmut           28%        N/A       6%          1
b - Freeze                Ice            84%        1d10      3%          1
c - Scorch                Fire           10%        2d5       22%         2
d - Stone Arrow           Conj/Erth      10%        3d7       41%         3

Your spell library contained the following spells:

 Spells                   Type           Power      Damage    Failure   Level
 Wereblood                Tmut           14%        N/A       9%          2
 Animate Skeleton         Necr           10%        N/A       14%         1
 Pain                     Necr           20%        1d5       14%         1
 Sandblast                Erth           10%        2d5       14%         1
 Passwall                 Tmut/Erth      8%         N/A       14%         2
 Spider Form              Tmut/Pois      10%        N/A       26%         3
 Ice Form                 Ice/Tmut       17%        N/A       38%         4
 Vampiric Draining        Necr           5%         2d6       41%         3


Dungeon Overview and Level Annotations

Branches:
Dungeon (4/15)
 Temple: D:4-7

Altars:
Vehumet

Shops:
D:1 [

Annotations:
D:4 Dowan, Duvessa, Menkaure


Message History

An adder comes into view.
The adder hisses angrily.
You freeze the adder!
The adder is severely wounded.
The adder bites you. x2
You freeze the adder.
The adder is almost dead.
The adder completely misses you.
You freeze the adder.
You kill the adder!
Vehumet accepts your kill.
You feel your power returning.
Unknown command.
You start resting.
Magic restored.
You start resting.
HP restored.
m - a white potion Duvessa, Sister of Dowan comes into view.
She is wielding a +2 rapier of holy wrath.
Duvessa shouts!
There is a stone staircase leading up here.
You freeze Duvessa.
Duvessa is lightly wounded.
Duvessa completely misses you.
Dowan, Brother of Duvessa comes into view.
He is wielding a +0 dagger.
You freeze Duvessa!
Duvessa is moderately wounded.
Dowan shouts!
Duvessa closely misses you.
You freeze Duvessa!
Duvessa is heavily wounded.
Duvessa hits you with a +2 rapier of holy wrath!
You freeze Duvessa.
Duvessa is severely wounded.
Duvessa hits you with a +2 rapier of holy wrath!
* * * LOW HITPOINT WARNING * * *
Dowan mumbles some strange words.
Dowan blinks!
Duvessa hits you with a +2 rapier of holy wrath!
You die...

..........# ##...## .#
..........## ##.....# ..
#..........###......### ...
#........ยง.##.........##...
#..........................
#.#..............####..####
. ##............## #..####
#......e...### #.....#
........@...## ##......
..#####..#....#####.......
.. #..###..........#####
#..## #.......#..# #..#
#..#...###..# ...#
#..##..####.# ..# #..##...#
#.. #. ###..###..## ..#
.#####....###...# ...#


You could see Duvessa.

Vanquished Creatures
  Jessica (D:2)
  An orc wizard (D:4)
  Terence (D:3)
  4 adders
  3 dart slugs
  3 orcs (D:4)
  9 ball pythons
  5 bats
  7 endoplasms
  3 giant cockroaches
  4 goblins
  4 hobgoblins
  3 kobolds
  3 quokkas
  3 frilled lizards
  3 rats (D:3)
57 creatures vanquished.

Notes
Turn   | Place    | Note
-------+----------+-------------------------------------------
     0 | D:1      | sanka the Deep Elf Transmuter began the quest for the Orb.
     0 | D:1      | Reached XP level 1. HP: 11/11 MP: 6/6
    23 | D:1      | Found Dadutije's Antique Armour Shoppe.
   340 | D:1      | Reached skill level 4 in Spellcasting
   340 | D:1      | Reached XP level 2. HP: 16/16 MP: 7/9
   754 | D:1      | Found a faded altar of an unknown god.
   767 | D:1      | Prayed at the altar of an unknown god.
   767 | D:1      | Became a worshipper of Vehumet
   767 | D:1      | Reached * piety under Vehumet
   767 | D:1      | Offered knowledge of Freeze by Vehumet.
   770 | D:1      | Learned a level 1 spell: Freeze
   912 | D:1      | Reached skill level 1 in Ice Magic
  1583 | D:1      | Reached XP level 3. HP: 15/20 MP: 7/10
  1977 | D:2      | Offered knowledge of Scorch by Vehumet.
  1992 | D:2      | Learned a level 2 spell: Scorch
  2194 | D:2      | Noticed Jessica
  2198 | D:2      | Killed Jessica
  2409 | D:2      | Reached ** piety under Vehumet
  2410 | D:2      | Reached XP level 4. HP: 19/24 MP: 10/12
  2694 | D:3      | Noticed Terence
  2706 | D:3      | Killed Terence
  2707 | D:3      | Reached skill level 5 in Spellcasting
  3483 | D:3      | Identified the +3 leather armour of Qazlal's Fury {Str+4}
  3647 | D:4      | Reached XP level 5. HP: 19/28 MP: 11/15
  3796 | D:4      | Noticed Menkaure
  3813 | D:4      | Learned a level 3 spell: Stone Arrow
  3958 | D:4      | Noticed Duvessa
  3976 | D:4      | Noticed Dowan
  3980 | D:4      | Slain by Duvessa

Illustrated notes

Levels and vault maps discovered:
D:1:      scummos_arrival_checkerplants, layout_loops_cross, serial_shops,
          nicolae_shop_trees, ebering_ecumenical_altar_webs
D:2:      layout_loops_ring, uniq_jessica
D:3:      layout_rooms, uniq_terence
D:4:      layout_layer_cave, corexii_mini_fake_secret_closet, uniq_menkaure,
          uniq_duvessa, uniq_crazy_yiuf_cottage, uniq_grinder

Skill      XL: |  1  2  3  4 |
---------------+-------------+-----
Spellcasting   | 4 5 |  5.6
Ice Magic      | 1 2 3 |  3.9
Fighting       | |  0.7
Dodging        | |  2.4
Unarmed Combat | |  2.4
Transmutations | |  2.1

Action                   |  1- 3 |  4- 6 || total
-------------------------+-------+-------++-------
Melee: War axe           |    44 |     3 ||    47
       Unarmed           |     6 |       ||     6
       Kick              |    12 |       ||    12
       Headbutt          |     7 |       ||     7
       Punch             |     2 |       ||     2
 Cast: Beastly Appendage |    17 |       ||    17
       Freeze            |    23 |    43 ||    66
 Stab: Sleeping          |     3 |       ||     3
Armor: Robe              |    11 |     2 ||    13
       Leather armour    |       |     2 ||     2
Dodge: Dodged            |    47 |    23 ||    70
